Map: New Repugnancy LE

Players

Arcane - Winner!

  • Race: Protoss Protoss
  • League: Diamond
  • Spawn Location: 7:00

HitmanLife

  • Race: Terran Terran
  • League: Diamond
  • Spawn Location: 1:00

VOD

Have the link to the VOD?

Description

Time

  • Played on: April 13, 2019, 2:31 p.m.
  • Length: 4:39
Show
View Real Time Build Order
Export as new Build Order

Arcane Protoss - Winner!

Build Orders:  

Get SALT Encoding   

  12  0:01  Probe  
  13  0:13  Probe  
  14  0:18  Pylon  
  14  0:26  Probe  
  15  0:37  Probe  
  15  0:40  Gateway  
  16  0:45  Probe  
  17  0:52  Assimilator  
  17  0:58  Probe  
  18  1:10  Probe  
  19  1:24  Probe  
  20  1:29  Cybernetics Core  
  20  1:31  Pylon  
  20  1:38  Probe  
  21  1:48  Pylon  
  21  1:50  Probe  
  21  1:53  Assimilator  
  22  1:56  Stalker  
  22  2:02  Probe  
  25  2:14  Probe  
  26  2:17  Gateway  
  26  2:19  Stalker, Shield Battery  
  26  2:21  Pylon  
  26  2:27  Probe  
  29  2:37  Warp Gate  
  29  2:43  Probe  
  30  2:47  Stalker  
  32  3:00  Robotics Facility  
  32  3:07  Stalker  
  32  3:12  Probe  
  35  3:15  Pylon  
  35  3:28  Stalker  
  37  3:37  Probe  
  38  3:41  Stalker  
  40  3:49  Observer  
  39  3:58  Stalker  
  41  4:09  Nexus  
  41  4:12  Pylon  
Show
View Real Time Build Order
Export as new Build Order

HitmanLife Terran 

Build Orders:  

Get SALT Encoding   

  12  0:01  SCV  
  13  0:16  SCV  
  14  0:21  Supply Depot  
  14  0:28  SCV  
  15  0:43  Barracks  
  15  0:50  Barracks  
  15  1:02  SCV  
  15  1:04  Refinery  
  16  1:14  SCV  
  17  1:30  Orbital Command  
  17  1:37  Barracks Tech Lab  
  17  1:41  Marine  
  18  1:47  Supply Depot  
  18  1:58  Marauder  
  20  2:08  Barracks  
  20  2:10  SCV  
  20  2:12  Marine  
  24  2:22  Marauder  
  24  2:23  Concussive Shells  
  24  2:34  SCV  
  26  2:44  Marauder  
  26  2:52  Marine  
  27  3:05  Marauder  
  29  3:09  Marine  
  30  3:18  Bunker  
  25  3:35  Marine x2  
  25  3:36  Marauder  
  29  3:52  Command Center  
  29  3:53  Marine x2  
  28  3:57  Marine  
  24  4:11  Marine x2  
  24  4:15  Marauder  
Tags
 
Add a new tag
Caveats
  • Supply blocks, unpowered buildings, or Contaminate may cause inaccurate times.
  • Supply counts are checked every 10 seconds.